TOP OF THE 1ST |
Hickory Crawdads batting - Pitching for Greenville Drive : LHP Josh Turner
|
Pitching: LHP Josh Turner
|
|
Batting: RHB Nate Taylor
|
0-0: Called Strike 0-1: Foul Ball, location: 2F 0-2: Foul Ball, location: 2F 0-2: Strikes out swinging
|
Batting: RHB Matt Sanders
|
0-0: Ball 1-0: Called Strike 1-1: Foul Ball, location: 2F 1-2: Strikes out swinging
|
Batting: LHB Justin Barker
|
0-0: Ground out 1-3 (Groundball, 15S, EV 75.6 MPH)
|
Top of the 1st over - 0 runs, 0 hits, 0 errors, 0 left on base; Hickory 0 - Greenville 0 |
BOTTOM OF THE 1ST |
Greenville Drive batting - Pitching for Hickory Crawdads : RHP Dan Rohrbach
|
Pitching: RHP Dan Rohrbach
|
|
Batting: LHB Nelis Geurts
|
0-0: Called Strike 0-1: Ball 1-1: Called Strike 1-2: Ground out U3 (Groundball, 3, EV 85.0 MPH)
|
Batting: LHB Carlos Guerra
|
0-0: Called Strike 0-1: Hit by Pitch
|
Batting: RHB Joe Sandoval
|
0-0: Called Strike 0-1: Ball 1-1: Ball 2-1: Ball 3-1: Base on Balls Carlos Guerra to second
|
Batting: LHB John Criswell
|
0-0: Ball Carlos Guerra is caught stealing 3rd base 2-5 1-0: Called Strike 1-1: Foul Ball, location: 2F 1-2: Strikes out swinging
|
Bottom of the 1st over - 0 runs, 0 hits, 0 errors, 1 left on base; Hickory 0 - Greenville 0 |
TOP OF THE 2ND |
Hickory Crawdads batting - Pitching for Greenville Drive : LHP Josh Turner
|
Batting: RHB Jorge Benites
|
0-0: Ball 1-0: Called Strike 1-1: Foul Ball, location: 2F 1-2: Strikes out looking
|
Batting: RHB Victor Moya
|
0-0: SOLO HOME RUN (Flyball, 7D, EV 100.6 MPH), Distance : 380 ft
|
Batting: RHB Isaiah Yarbrough
|
0-0: Ball 1-0: Ball 2-0: Ball 3-0: Called Strike 3-1: Ground out 6-3 (Groundball, 6, EV 101.2 MPH)
|
Batting: RHB Zach Koblinski
|
0-0: Ball 1-0: SINGLE (Line Drive, 8RS, EV 91.2 MPH)
|
Batting: LHB Tim Olsen
|
0-0: Foul Ball, location: 2F 0-1: Called Strike 0-2: Strikes out swinging
|
Top of the 2nd over - 1 run, 2 hits, 0 errors, 1 left on base; Hickory 1 - Greenville 0 |
BOTTOM OF THE 2ND |
Greenville Drive batting - Pitching for Hickory Crawdads : RHP Dan Rohrbach
|
Batting: RHB Travis Campbell
|
0-0: Ground out 4-3 (Groundball, 4, EV 105.6 MPH)
|
Batting: LHB Danny Montoya
|
0-0: Ground out U3 (Groundball, 3L, EV 83.8 MPH)
|
Batting: RHB Adugna Chandu
|
0-0: Ball 1-0: SINGLE (Groundball, 6MD, EV 111.9 MPH)
|
Batting: RHB Miguel Villanueva
|
0-0: Called Strike 0-1: Foul Ball, location: 2F 0-2: Strikes out looking
|
Bottom of the 2nd over - 0 runs, 1 hit, 0 errors, 1 left on base; Hickory 1 - Greenville 0 |
TOP OF THE 3RD |
Hickory Crawdads batting - Pitching for Greenville Drive : LHP Josh Turner
|
Batting: RHB Salvador Caldera
|
0-0: Ball 1-0: Called Strike 1-1: Foul Ball, location: 2F 1-2: Foul Ball, location: 2F 1-2: Strikes out swinging
|
Batting: RHB Nate Taylor
|
0-0: Called Strike 0-1: Ball 1-1: Ball 2-1: Foul Ball, location: 2F 2-2: Ball 3-2: Base on Balls
|
Batting: RHB Matt Sanders
|
0-0: Called Strike Nate Taylor steals 2nd base 0-1: Ball 1-1: Foul Ball, location: 2F 1-2: Strikes out looking
|
Batting: LHB Justin Barker
|
0-0: Ball 1-0: Swinging Strike 1-1: Foul Ball, location: 2F 1-2: Ball 2-2: Ball 3-2: Strikes out swinging
|
Top of the 3rd over - 0 runs, 0 hits, 0 errors, 1 left on base; Hickory 1 - Greenville 0 |
BOTTOM OF THE 3RD |
Greenville Drive batting - Pitching for Hickory Crawdads : RHP Dan Rohrbach
|
Batting: SHB Robert Soto
|
0-0: Called Strike 0-1: Ball 1-1: Ball 2-1: Foul Ball, location: 2F 2-2: Ball 3-2: Foul Ball, location: 2F 3-2: Foul Ball, location: 2F 3-2: Base on Balls
|
Batting: LHB Nelis Geurts
|
0-0: Ball 1-0: Ball 2-0: 2-RUN HOME RUN (Flyball, 9LD, EV 91.9 MPH), Distance : 334 ft
|
Batting: LHB Carlos Guerra
|
0-0: Ball 1-0: Ball 2-0: Called Strike 2-1: Ball 3-1: Base on Balls
|
Batting: RHB Joe Sandoval
|
0-0: Ball 1-0: Ball 2-0: Ball 3-0: Called Strike 3-1: Base on Balls Carlos Guerra to second
|
Batting: LHB John Criswell
|
0-0: SINGLE (Groundball, 4MD, EV 98.1 MPH) Carlos Guerra to third Joe Sandoval to second
|
Batting: RHB Travis Campbell
|
0-0: Ball 1-0: Ball 2-0: Foul Ball, location: 2F 2-1: Ball 3-1: Foul Ball, location: 2F 3-2: Foul Ball, location: 2F 3-2: Foul Ball, location: 2F 3-2: Foul Ball, location: 2F 3-2: Base on Balls Carlos Guerra scores Joe Sandoval to third John Criswell to second
|
Batting: LHB Danny Montoya
|
0-0: Called Strike 0-1: Ball 1-1: Foul Ball, location: 2F 1-2: Ball 2-2: Foul Ball, location: 2F 2-2: Strikes out swinging
|
Batting: RHB Adugna Chandu
|
0-0: Ball 1-0: Ball 2-0: SINGLE (Groundball, 56D, EV 95.6 MPH) Joe Sandoval scores John Criswell to third Travis Campbell to second Runner from 3rd tries for Home, SAFE, throw by LF to home
|
Batting: RHB Miguel Villanueva
|
0-0: Ball Wild Pitch! Travis Campbell to third Adugna Chandu to second 1-0: Foul Ball, location: 2F 1-1: Foul Ball, location: 2F 1-2: Hit by Pitch
|
Batting: SHB Robert Soto
|
0-0: Ball 1-0: Ball 2-0: Called Strike 2-1: Foul Ball, location: 2F 2-2: Foul Ball, location: 2F 2-2: Ball 3-2: Base on Balls Travis Campbell scores Adugna Chandu to third Miguel Villanueva to second
|
Pitching: RHP Taylor Drews
|
|
Batting: LHB Nelis Geurts
|
0-0: Called Strike 0-1: Ball 1-1: Ball 2-1: Ball 3-1: Base on Balls Adugna Chandu scores Miguel Villanueva to third Robert Soto to second
|
Batting: LHB Carlos Guerra
|
0-0: Foul Ball, location: 2F 0-1: Called Strike 0-2: Ball 1-2: Strikes out swinging
|
Batting: RHB Joe Sandoval
|
0-0: Ball 1-0: Fly out, F7 (Flyball, 78M, EV 90.6 MPH)
|
Bottom of the 3rd over - 7 runs, 3 hits, 0 errors, 3 left on base; Hickory 1 - Greenville 7 |
TOP OF THE 4TH |
Hickory Crawdads batting - Pitching for Greenville Drive : LHP Josh Turner
|
Batting: RHB Jorge Benites
|
0-0: Called Strike 0-1: Ground out 6-3 (Groundball, 6, EV 87.5 MPH)
|
Batting: RHB Victor Moya
|
0-0: Ball 1-0: Ground out 4-3 (Groundball, 4, EV 81.2 MPH)
|
Batting: RHB Isaiah Yarbrough
|
0-0: Called Strike 0-1: Swinging Strike 0-2: Foul Ball, location: 2F 0-2: Ball 1-2: Ball 2-2: Foul Ball, location: 2F 2-2: Ball 3-2: Base on Balls
|
Batting: RHB Zach Koblinski
|
0-0: Ball Isaiah Yarbrough steals 2nd base 1-0: Ball 2-0: Ground out 5-3 (Groundball, 5S, EV 88.8 MPH)
|
Top of the 4th over - 0 runs, 0 hits, 0 errors, 1 left on base; Hickory 1 - Greenville 7 |
BOTTOM OF THE 4TH |
Greenville Drive batting - Pitching for Hickory Crawdads : RHP Taylor Drews
|
Batting: LHB John Criswell
|
0-0: Ball 1-0: DOUBLE (Line Drive, 5D, EV 97.5 MPH)
|
Batting: RHB Travis Campbell
|
0-0: Swinging Strike 0-1: Foul Ball, location: 2F 0-2: Strikes out looking
|
Batting: LHB Danny Montoya
|
0-0: Called Strike 0-1: Ground out 4-3 (Groundball, 4, EV 105.0 MPH) John Criswell to third
|
Batting: RHB Adugna Chandu
|
0-0: Called Strike 0-1: Ball 1-1: Foul Ball, location: 2F Balk! John Criswell scores 1-2: Fly out, F9 (Flyball, 9D, EV 101.2 MPH)
|
Bottom of the 4th over - 1 run, 1 hit, 0 errors, 0 left on base; Hickory 1 - Greenville 8 |
TOP OF THE 5TH |
Hickory Crawdads batting - Pitching for Greenville Drive : LHP Josh Turner
|
Batting: LHB Tim Olsen
|
0-0: Reached on error, E1 (Groundball, 13S, EV 66.9 MPH)
|
Batting: RHB Salvador Caldera
|
0-0: Ball Tim Olsen steals 2nd base 1-0: Ball 2-0: SINGLE (Flyball, 34D, EV 90.6 MPH) Tim Olsen to third
|
Batting: RHB Nate Taylor
|
0-0: Called Strike 0-1: Foul Ball, location: 2F 0-2: 3-RUN HOME RUN (Flyball, 9D, EV 102.5 MPH), Distance : 383 ft
|
Batting: RHB Matt Sanders
|
0-0: Foul Ball, location: 2F 0-1: Called Strike 0-2: Strikes out looking
|
Batting: LHB Justin Barker
|
0-0: Foul Ball, location: 2F 0-1: Ball 1-1: Ball 2-1: Ball 3-1: Base on Balls
|
Batting: RHB Jorge Benites
|
0-0: Ball 1-0: Ball 2-0: Called Strike 2-1: Ball 3-1: Called Strike 3-2: Foul Ball, location: 2F 3-2: Fly out, F7 (Flyball, 78S, EV 90.6 MPH)
|
Batting: RHB Victor Moya
|
0-0: Called Strike 0-1: Ball Justin Barker is caught stealing 2nd base 2-4
|
Top of the 5th over - 3 runs, 2 hits, 1 error, 0 left on base; Hickory 4 - Greenville 8 |
BOTTOM OF THE 5TH |
Greenville Drive batting - Pitching for Hickory Crawdads : RHP Taylor Drews
|
Batting: RHB Miguel Villanueva
|
0-0: Ball 1-0: Ball 2-0: Swinging Strike 2-1: Ball 3-1: Foul Ball, location: 2F 3-2: Foul Ball, location: 2F 3-2: Fly out, F7 (Flyball, 7, EV 90.6 MPH)
|
Batting: SHB Robert Soto
|
0-0: Swinging Strike 0-1: Swinging Strike 0-2: Ball 1-2: Ground out 4-3 (Groundball, 4M, EV 100.6 MPH)
|
Batting: LHB Nelis Geurts
|
0-0: Called Strike 0-1: Foul Ball, location: 2F 0-2: Ball 1-2: Fly out, F2 (Popup, 2LF, EV 75.0 MPH)
|
Bottom of the 5th over - 0 runs, 0 hits, 0 errors, 0 left on base; Hickory 4 - Greenville 8 |
TOP OF THE 6TH |
Hickory Crawdads batting - Pitching for Greenville Drive : LHP Josh Turner
|
Batting: RHB Victor Moya
|
0-0: Ball 1-0: Fly out, F7 (Line Drive, 7LM, EV 97.5 MPH)
|
Batting: RHB Isaiah Yarbrough
|
0-0: Ball 1-0: Ball 2-0: Ball 3-0: Base on Balls
|
Batting: RHB Zach Koblinski
|
0-0: Ball Isaiah Yarbrough steals 2nd base 1-0: Called Strike 1-1: Foul Ball, location: 2F 1-2: Strikes out swinging
|
Batting: LHB Tim Olsen
|
0-0: Ball Wild Pitch! Isaiah Yarbrough to third 1-0: Called Strike 1-1: Ball 2-1: Ball 3-1: Base on Balls
|
Pitching: RHP Victor Escobar
|
|
Batting: RHB Salvador Caldera
|
0-0: Called Strike 0-1: Fielders Choice at 2nd, 6-4 (Groundball, 6, EV 90.6 MPH)
|
Top of the 6th over - 0 runs, 0 hits, 0 errors, 2 left on base; Hickory 4 - Greenville 8 |
BOTTOM OF THE 6TH |
Greenville Drive batting - Pitching for Hickory Crawdads : RHP Taylor Drews
|
Batting: LHB Carlos Guerra
|
0-0: Ball 1-0: Called Strike 1-1: Swinging Strike 1-2: SINGLE (Flyball, 89S, EV 92.5 MPH)
|
Batting: RHB Joe Sandoval
|
0-0: Called Strike 0-1: Called Strike 0-2: Foul Ball, location: 2F 0-2: Ball 1-2: Strikes out swinging
|
Batting: LHB John Criswell
|
0-0: Ball 1-0: Ball Carlos Guerra is caught stealing 2nd base 2-6 2-0: Called Strike 2-1: Ball 3-1: Base on Balls
|
Batting: RHB Travis Campbell
|
0-0: Ball 1-0: Foul Ball, location: 2F 1-1: Foul Ball, location: 2F 1-2: Strikes out swinging
|
Bottom of the 6th over - 0 runs, 1 hit, 0 errors, 1 left on base; Hickory 4 - Greenville 8 |
TOP OF THE 7TH |
Hickory Crawdads batting - Pitching for Greenville Drive : RHP Victor Escobar
|
Batting: RHB Nate Taylor
|
0-0: Foul Ball, location: 2F 0-1: Ball 1-1: Ball 2-1: Called Strike 2-2: Ball 3-2: Base on Balls
|
Batting: RHB Matt Sanders
|
0-0: Ball 1-0: Sac Bunt to 13S - play at first, batter OUT! 1-3 Nate Taylor to second
|
Pitching: LHP Jason Salzer
|
|
Pinch Hitting: RHB Sean Neuroth
|
0-0: Called Strike 0-1: Called Strike 0-2: Strikes out looking
|
Batting: RHB Jorge Benites
|
0-0: Ball 1-0: Ball 2-0: Ball 3-0: Called Strike 3-1: Base on Balls
|
Batting: RHB Victor Moya
|
0-0: Ball 1-0: Fly out, F5 (Line Drive, 5L, EV 76.2 MPH)
|
Top of the 7th over - 0 runs, 0 hits, 0 errors, 2 left on base; Hickory 4 - Greenville 8 |
BOTTOM OF THE 7TH |
Greenville Drive batting - Pitching for Hickory Crawdads : RHP Taylor Drews
|
Pitching: RHP Devon Blakeney
|
|
Now at 2B: Sean Neuroth
|
|
Now at SS: Nate Taylor
|
|
Batting: LHB Danny Montoya
|
0-0: Ground out 5-3 (Groundball, 56S, EV 88.1 MPH)
|
Batting: RHB Adugna Chandu
|
0-0: Called Strike 0-1: SOLO HOME RUN (Line Drive, 78XD, EV 117.5 MPH), Distance : 452 ft
|
Batting: RHB Miguel Villanueva
|
0-0: Ball 1-0: SINGLE (Groundball, 56S, EV 64.4 MPH) (infield hit)
|
Batting: SHB Robert Soto
|
0-0: Ball 1-0: Ball 2-0: Ball 3-0: Called Strike 3-1: Fielders Choice at 2nd, 5-4 (Groundball, 56S, EV 91.2 MPH)
|
Batting: LHB Nelis Geurts
|
0-0: SINGLE (Groundball, 6M, EV 104.4 MPH) (infield hit) Robert Soto to second
|
Batting: LHB Carlos Guerra
|
0-0: Called Strike 0-1: Swinging Strike 0-2: Foul Ball, location: 2F 0-2: Strikes out swinging
|
Bottom of the 7th over - 1 run, 3 hits, 0 errors, 2 left on base; Hickory 4 - Greenville 9 |
TOP OF THE 8TH |
Hickory Crawdads batting - Pitching for Greenville Drive : LHP Jason Salzer
|
Batting: RHB Isaiah Yarbrough
|
0-0: Ball 1-0: Called Strike 1-1: Foul Ball, location: 2F 1-2: Foul Ball, location: 2F 1-2: Strikes out swinging
|
Batting: RHB Zach Koblinski
|
0-0: Ball 1-0: Ball 2-0: Ball 3-0: Base on Balls
|
Batting: LHB Tim Olsen
|
0-0: Ball 1-0: Fielders Choice at 2nd, 4-6 (Groundball, 4, EV 80.0 MPH)
|
Batting: RHB Salvador Caldera
|
0-0: Called Strike 0-1: Ball 1-1: Called Strike 1-2: Strikes out looking
|
Top of the 8th over - 0 runs, 0 hits, 0 errors, 1 left on base; Hickory 4 - Greenville 9 |
BOTTOM OF THE 8TH |
Greenville Drive batting - Pitching for Hickory Crawdads : RHP Devon Blakeney
|
Batting: RHB Joe Sandoval
|
0-0: Foul Ball, location: 2F 0-1: Called Strike 0-2: Foul Ball, location: 2F 0-2: SINGLE (Line Drive, 9S, EV 90.6 MPH)
|
Batting: LHB John Criswell
|
0-0: Called Strike 0-1: Ball 1-1: Ball 2-1: Foul Ball, location: 2F 2-2: SINGLE (Groundball, 56D, EV 106.9 MPH) Joe Sandoval to second
|
Batting: RHB Travis Campbell
|
0-0: Ball 1-0: Foul Ball, location: 2F 1-1: Ball 2-1: Called Strike 2-2: Foul Ball, location: 2F 2-2: Ball 3-2: Fielders Choice at 2nd, 5-4 (Groundball, 56S, EV 80.0 MPH) Joe Sandoval to third
|
Batting: LHB Danny Montoya
|
0-0: Ball 1-0: Ball 2-0: SINGLE (Groundball, 6D, EV 100.6 MPH) Joe Sandoval scores Travis Campbell to second
|
Batting: RHB Adugna Chandu
|
0-0: Swinging Strike 0-1: Fly out, F9 (Line Drive, 89M, EV 90.0 MPH)
|
Batting: RHB Miguel Villanueva
|
0-0: Called Strike 0-1: Ball 1-1: Ball 2-1: Ball 3-1: Swinging Strike 3-2: Foul Ball, location: 2F 3-2: Strikes out looking
|
Bottom of the 8th over - 1 run, 3 hits, 0 errors, 2 left on base; Hickory 4 - Greenville 10 |
TOP OF THE 9TH |
Hickory Crawdads batting - Pitching for Greenville Drive : LHP Jason Salzer
|
Batting: RHB Nate Taylor
|
0-0: Called Strike 0-1: Ball 1-1: Ball 2-1: Ball 3-1: Base on Balls
|
Batting: RHB Matt Sanders
|
0-0: Ball 1-0: Swinging Strike 1-1: Swinging Strike 1-2: Single, Error in OF, E9, batter to second base (Groundball, 34, EV 104.4 MPH) Nate Taylor to third
|
Pitching: RHP Lukasha Sheigus
|
|
Pinch Hitting: LHB Alfonso Collazo
|
0-0: Foul Ball, location: 2F 0-1: Ball 1-1: Called Strike 1-2: Ball 2-2: Foul Ball, location: 2F 2-2: Foul Ball, location: 2F 2-2: Foul Ball, location: 2F 2-2: Ball 3-2: Foul Ball, location: 2F 3-2: Strikes out swinging
|
Batting: RHB Jorge Benites
|
0-0: Ground out 6-3 (Groundball, 6, EV 92.5 MPH) Nate Taylor scores
|
Pinch Hitting: LHB Dave Doughty
|
0-0: Foul Ball, location: 2F 0-1: Ball 1-1: 2-RUN HOME RUN (Flyball, 9D, EV 95.6 MPH), Distance : 386 ft
|
Batting: RHB Isaiah Yarbrough
|
0-0: Ball 1-0: Ball 2-0: Called Strike 2-1: Foul Ball, location: 2F 2-2: Ball 3-2: DOUBLE (Groundball, 5L, EV 94.4 MPH)
|
Pitching: RHP Joseph Anderson
|
|
Batting: RHB Zach Koblinski
|
0-0: Ball 1-0: Ball 2-0: Fly out, F8 (Flyball, 8LD, EV 99.4 MPH)
|
Top of the 9th over - 3 runs, 3 hits, 1 error, 1 left on base; Hickory 7 - Greenville 10 |
|